 Dungeon Crawl Stone Soup version 0.31.0-11-ge490571c62 (webtiles) character file.

Game seed: 9243585549014923558

65 qw the Shooter (level 3, 0/18 HPs)
             Began as a Spriggan Hunter on Feb 4, 2024.
             Succumbed to their own poison gas
             ... on level 2 of the Dungeon.
             The game lasted 00:00:43 (1419 turns).

qw the Shooter (Spriggan Hunter)                    Turns: 1419, Time: 00:00:44

Health: 0/18       AC:  2    Str:  7    XL:     3   Next: 92%
Magic:  4/4        EV: 19    Int: 10    God:
Gold:   86         SH:  0    Dex: 20    Spells: 2/2 levels left

rFire   . . .        a - +0 shortbow
rCold   . . .        (shield currently unavailable)
rNeg    . . .        c - +0 robe
rPois   .            (helmet restricted)
rElec   .            (no cloak)
rCorr   .            (gloves unavailable)
SInv    +            (boots unavailable)
Will    +....        (no amulet)
Stlth   ++           (no ring)
HPRegen 0.23/turn    (no ring)
MPRegen 0.09/turn

%: no passive effects
@: lethally poisoned (0 -> -2), enlightened, flying, very quick
A: very small, no large weapons, unfitting armour, see invisible, speed 3
a: no special abilities


You were on level 2 of the Dungeon.
You visited 1 branch of the dungeon, and saw 2 of its levels.

You collected 86 gold pieces.


Innate Abilities, Weirdness & Mutations

You are very small and have problems with some larger weapons.
You are too small for most types of armour.
You have supernaturally acute eyesight. (SInv)
You cover ground extremely quickly. (Speed+++)


   Skills:
 - Level 1.5 Fighting
 - Level 5.0 Ranged Weapons
 + Level 4.1 Dodging
 - Level 1.5 Stealth


You had 2 spell levels left.
You didn't know any spells.
Your spell library was empty.

Inventory:

Hand Weapons
 a - a +0 shortbow (weapon)
Armour
 c - a +0 robe (worn)
Potions
 d - a potion of heal wounds
 e - a potion of enlightenment
 j - a potion of cancellation
 k - a potion of brilliance {unknown}

Dungeon Overview and Level Annotations

Branches:
Dungeon (2/15)

Altars:


Message History

You feel momentarily disoriented.
It was a scroll of revelation.
Done exploring.
1409 ||| DRINKING 2 emerald potions.
It was a potion of enlightenment.
You feel very buoyant.
You fly up into the air.
Done exploring.
1410 ||| DROPPING potion of invisibility.
You drop a potion of invisibility.
Done exploring.
What level of the Dungeon? (default 2, ? - help) Sorry, I don't know how to get there.
Enter note:
Enter note:
Enter note:
Enter note:
Enter note:
Enter note:
Enter note:
Enter note:
Enter note: You are engulfed in poison gas.
You are poisoned.
You feel very sick.
1412 ||| Stepping ~*~*~tactically~*~*~ (cloud).
You feel sick.
Things that are here:
a potion of invisibility; a ring of flight
There is a lethal amount of poison in your body!
You feel very sick.
There is a lethal amount of poison in your body!
You feel sick.
There is a lethal amount of poison in your body!
You feel sick.
There is a lethal amount of poison in your body!
You feel sick.
There is a lethal amount of poison in your body!
You feel sick.
There is a lethal amount of poison in your body!
You feel sick.
There is a lethal amount of poison in your body!
You die...

#.##....#
################.##.##.#
################.##<##>#
#######0......##......)#
#######0#####.#####.####
#######¤#####..## #.....
########¤#####.#.# ######
#.¤00¤00.#####..##
#.¤0..00@#####.##
#.##00¤.000¤00¤#
#.##¤#00##¤.0#0#######
#....#¤.######.......##
#....0..#######.......##
#..###.########.##.....#
#......#.<...##.##.###.##
##.#####.....##.##.# #...
#.# #>.......##.###...


There were no monsters in sight!

Vanquished Creatures
  3 dart slugs (D:2)
  2 ball pythons (D:1)
  6 endoplasms
  A giant cockroach (D:1)
  4 goblins
  6 hobgoblins
  12 jackals
  2 quokkas
  2 bats
  3 frilled lizards (D:1)
  5 kobolds
  4 rats
50 creatures vanquished.

Notes
Turn   | Place    | Note
-------+----------+-------------------------------------------
     0 | D:1      | qw the Spriggan Hunter began the quest for the Orb.
     0 | D:1      | Reached XP level 1. HP: 10/10 MP: 2/2
     0 | D:1      | 0 ||| qw: Version: 0.3-a-160-g6735b56
     0 | D:1      | 0 ||| qw: Game counter: 5878
     0 | D:1      | 0 ||| qw: Melee chars always use a shield: true
     0 | D:1      | 0 ||| qw: God list: Okawaru
     0 | D:1      | 0 ||| qw: Allow faded altars: false
     0 | D:1      | 0 ||| qw: Do Orc after clearing Dungeon:15 true
     0 | D:1      | 0 ||| qw: Do second Lair branch before Depths: true
     0 | D:1      | 0 ||| qw: Lair rune preference: random
     0 | D:1      | 0 ||| qw: Goals: Normal
     0 | D:1      | 0 ||| PLANNING D:1-11
    61 | D:1      | Reached skill level 3 in Dodging
   109 | D:1      | Reached XP level 2. HP: 14/14 MP: 3/3
   348 | D:1      | Found a faded altar of an unknown god.
   509 | D:1      | Reached XP level 3. HP: 18/18 MP: 4/4
   701 | D:1      | 701 ||| READING scroll labelled PIJEFYKLUN.
   702 | D:1      | 702 ||| READING scroll labelled SIZ MOROIPTUFY.
   703 | D:1      | 703 ||| READING scroll labelled KENOCH HUEDUCO.
   704 | D:1      | 704 ||| READING scroll labelled VEIROJ PECVING.
   704 | D:1      | 704 ||| IDENTIFYING lumpy red potion
   705 | D:1      | 705 ||| DROPPING scroll of butterflies.
  1053 | D:2      | 1053 ||| FLEEEEING.
  1054 | D:2      | 1054 ||| FLEEEEING.
  1055 | D:2      | 1055 ||| FLEEEEING.
  1057 | D:2      | 1057 ||| FLEEEEING.
  1059 | D:2      | 1059 ||| FLEEEEING.
  1061 | D:2      | 1061 ||| FLEEEEING.
  1063 | D:2      | 1063 ||| FLEEEEING.
  1065 | D:2      | 1065 ||| FLEEEEING.
  1077 | D:2      | Reached skill level 5 in Ranged Weapons
  1404 | D:2      | 1404 ||| DROPPING ring of flight.
  1405 | D:2      | 1405 ||| READING 2 scrolls of identify.
  1405 | D:2      | 1405 ||| IDENTIFYING murky silvery potion
  1406 | D:2      | 1406 ||| READING scroll of identify.
  1406 | D:2      | 1406 ||| IDENTIFYING bubbling white potion
  1407 | D:2      | 1407 ||| READING scroll labelled GANWEO VIYNK.
  1408 | D:2      | 1408 ||| READING scroll labelled ZUH NAASUILUHE.
  1409 | D:2      | 1409 ||| DRINKING 2 emerald potions.
  1410 | D:2      | 1410 ||| DROPPING potion of invisibility.
  1412 | D:2      | 1412 ||| Stepping ~*~*~tactically~*~*~ (cloud).
  1415 | D:2      | HP: 4/18 [poisoned by you (poison gas)]
  1418 | D:2      | HP: 1/18 [poisoned by you (poison gas)]
  1419 | D:2      | Succumbed to their own poison gas

Levels and vault maps discovered:
D:1:      minmay_arrival_loop, layout_loops_ring,
          hellmonk_ecumenical_altar_pennies_from_heaven
D:2:      layout_loops_cross

Skill      XL: |  1  2  3 |
---------------+----------+-----
Dodging        | 3 4 |  4.1
Ranged Weapons | 5 |  5.0
Fighting       | |  1.5
Stealth        | |  1.5

Action                     || total
---------------------------++-------
   Fire: Shortbow          ||   146
    Use: Scroll            ||     8
         Potion            ||     1
 Armour: Robe              ||    15
  Dodge: Dodged            ||    60

Table legend:
 A = Non-vault XP
 B = Vault XP
 C = Vault XP percentage of total XP
 D = Non-vault monster count
 E = Vault monster count
 F = Vault count percentage of total count
                 A         B        C        D         E       F
            +---------+---------+-------+---------+---------+-------
      Total |      93 |       0 |   0.0 |      50 |       0 |   0.0
            +---------+---------+-------+---------+---------+-------
        D:1 |      45 |       0 |   0.0 |      27 |       0 |   0.0
        D:2 |      48 |       0 |   0.0 |      23 |       0 |   0.0
            +---------+---------+-------+---------+---------+-------
